 Dungeon Crawl Stone Soup version 0.25.1-2-g60ff931df9 (webtiles) character file.

Game seed: 3259147764324099423

130 Revguard the Stinger (level 5, 0/36 HPs)
             Began as a Human Venom Mage on Aug 6, 2020.
             Killed by nerve-wracking pain
             ... invoked by Grinder
              (2 damage)
             ... while paralysed by Grinder
             ... on level 3 of the Dungeon.
             The game lasted 00:14:00 (2801 turns).

Revguard the Stinger (Human Venom Mage)             Turns: 2801, Time: 00:14:00

Health: 0/36       AC:  2    Str:  7 (8)  XL:     5   Next: 36%
Magic:  1/9        EV:  2    Int: 16      God:
Gold:   158        SH:  0    Dex: 11 (14) Spells: 3/9 levels left

rFire    . . .     SeeInvis .   m - +3 quarterstaff (chaos)
rCold    . . .     Gourm    .   (shield currently unavailable)
rNeg     . . .     Faith    .   a - +0 robe
rPois    .         Spirit   .   (no helmet)
rElec    .         Reflect  .   i - scarf {+Inv}
rCorr    .         Harm     .   (no gloves)
MR       .....                  (no boots)
Stlth    ++........             (no amulet)
HPRegen  0.12/turn              (no ring)
MPRegen  0.11/turn              (no ring)

@: paralysed, very slightly contaminated, invisible
A: no striking features
a: no special abilities


You were on level 3 of the Dungeon.
You were very hungry.

You visited 1 branch of the dungeon, and saw 3 of its levels.

You collected 158 gold pieces.

Inventory:

Hand Weapons
 e - a +1 short sword of freezing
 m - a +3 quarterstaff of chaos (weapon)
Armour
 a - a +0 robe (worn)
 i - a scarf of invisibility (worn)
Scrolls
 d - 6 scrolls of teleportation
 f - a scroll of fog {unknown}
 h - a scroll of fear {unknown}
 j - a scroll of magic mapping
Potions
 b - a potion of curing
 g - a potion of stabbing
 k - a potion of heal wounds
Comestibles
 c - 6 rations
 l - 6 chunks of flesh


   Skills:
 + Level 0.3 Fighting
 + Level 0.4 Short Blades
 + Level 2.3 Dodging
 + Level 2.5 Stealth
 + Level 2.9 Spellcasting
 + Level 1.5 Transmutations
 * Level 1.1 Fire Magic
 + Level 1.0 Air Magic
 + Level 3.5 Poison Magic
 * Level 1.0 Evocations


You had 3 spell levels left.
You knew the following spells:

 Your Spells              Type           Power        Failure   Level  Hunger
a - Sting                 Tmut/Pois      ##..         7%          1    #......
b - Poisonous Vapours     Pois/Air       #.....       11%         2    ##.....
c - Ignite Poison         Fire/Tmut/Pois #.......     24%         3    ###....

Your spell library contained the following spells:

 Spells                   Type           Power        Failure   Level  Hunger
 Mephitic Cloud           Conj/Pois/Air  #.......     30%         3    ###....
 Olgreb's Toxic Radiance  Pois           ##......     41%         4    #####..


Dungeon Overview and Level Annotations

Branches:
Dungeon (3/15)

Altars:

Annotations:
D:3 Grinder


Message History

You feel much better.
You kill the gnoll!
Your Fire Magic skill increases to level 1!
The gnoll barely misses you.
You fade into invisibility!
You are feeling very hungry.
The gnoll barely misses you. Grinder gestures at you.
You suddenly lose the ability to move!
The gnoll hits you from afar with a +0 spear.
Grinder hits you.
You writhe in agony.
The gnoll hits you from afar with a +0 spear.
Grinder hits you!
You writhe in agony.
* * * LOW HITPOINT WARNING * * *
The gnoll hits you from afar with a +0 spear.
* * * LOW HITPOINT WARNING * * *
Grinder says, "FISH!"
Grinder gestures at you. Pain shoots through your body!
You die...

#. ##### #. #...# #.
#...# #. #...# ##
#.###...## #.
#.####..###...###### ##.
...................###..
..####.##..###.##..÷...
.. #@##.## #.######.#
#.#5##.# #..####..#
#..gg..# ##.#......
#...###...# #.....####
### ##..## #....# #.
#...###.#..####.
##......#..#....
#.....###<...###
#%.....#†.##.#..#


You could see Grinder and 2 gnolls.

Vanquished Creatures
  Crazy Yiuf (D:3)
  A gnoll (D:3)
  4 adders (D:2)
  A worm (D:2)
  2 dart slugs
  4 leopard geckos
  2 goblins (D:1)
  7 hobgoblins
  4 jackals (D:1)
  5 bats
  5 frilled lizards
  6 kobolds
  6 rats
48 creatures vanquished.

Notes
Turn   | Place    | Note
-------+----------+-------------------------------------------
     0 | D:1      | Revguard the Human Venom Mage began the quest for the Orb.
     0 | D:1      | Reached XP level 1. HP: 13/13 MP: 3/3
   282 | D:1      | Reached XP level 2. HP: 19/19 MP: 3/5
   286 | D:1      | Learned a level 2 spell: Poisonous Vapours
  1026 | D:1      | Reached XP level 3. HP: 15/24 MP: 0/6
  1092 | D:1      | Learned a level 3 spell: Ignite Poison
  1733 | D:2      | Reached XP level 4. HP: 30/30 MP: 4/7
  2624 | D:3      | Found a runed translucent door.
  2625 | D:3      | Noticed Crazy Yiuf
  2644 | D:3      | Killed Crazy Yiuf
  2644 | D:3      | Reached skill level 1 in Air Magic
  2644 | D:3      | Reached skill level 1 in Evocations
  2644 | D:3      | Reached XP level 5. HP: 24/36 MP: 0/9
  2778 | D:3      | Noticed Grinder
  2797 | D:3      | Reached skill level 1 in Fire Magic
  2798 | D:3      | Paralysed by Grinder for 6 turns
  2801 | D:3      | Killed from afar by Grinder

Illustrated notes

Levels and vault maps discovered:
D:1:      lightli_arrival_statuegarden, layout_loops_ring, patterned_corridor
D:2:      layout_loops_ring, first_ration, lightli_corner_chamber
D:3:      layout_rooms, tgw_sif, uniq_crazy_yiuf_cottage, uniq_grinder,
          uniq_ijyb

Skill      XL: |  1  2  3  4  5 |
---------------+----------------+-----
Air Magic      | 1 |  1.0
Evocations     | 1 |  1.0
Fire Magic     | 1 |  1.1
Fighting       | |  0.3
Short Blades   | |  0.4
Dodging        | |  2.3
Stealth        | |  2.5
Spellcasting   | |  2.9
Transmutations | |  1.5
Poison Magic   | |  3.5

Action                   |  1- 3 |  4- 6 || total
-------------------------+-------+-------++-------
Melee: Short sword       |    34 |    19 ||    53
       Unarmed           |     1 |       ||     1
       Quarterstaff      |       |     2 ||     2
 Cast: Sting             |    13 |     3 ||    16
       Poisonous Vapours |    11 |    16 ||    27
       Ignite Poison     |     1 |     3 ||     4
 Abil: Evoke Invisibilit |       |     1 ||     1
  Use: Scroll            |       |     5 ||     5
       Potion            |       |     4 ||     4
 Stab: Sleeping          |     4 |     1 ||     5
  Eat: Chunk             |     4 |     4 ||     8
Armor: Robe              |    14 |       ||    14
Dodge: Dodged            |    46 |    22 ||    68
